 Dungeon Crawl Stone Soup version 0.21.1-1-g345015f (webtiles) character file.

21 Kagorn the Skirmisher (level 2, 0/16 HPs)
             Began as a Vine Stalker Fighter on June 17, 2018.
             Succumbed to an adder's poison
             ... on level 2 of the Dungeon.
             The game lasted 00:02:55 (683 turns).

Kagorn the Skirmisher (Vine Stalker Fighter)         Turns: 683, Time: 00:02:56

Health: 0/16       AC:  6    Str: 18    XL:     2   Next: 83%
Magic:  3/3        EV:  7    Int:  8    God:
Gold:   0          SH:  9    Dex: 15    Spells: 1/1 levels left

rFire    . . .     SeeInvis .   a - +0 rapier
rCold    . . .     Gourm    .   c - +0 shield
rNeg     . . .     Faith    .   b - +0 scale mail
rPois    .         Spirit   +   (no helmet)
rElec    .         Reflect  .   (no cloak)
rCorr    .         Harm     .   (no gloves)
MR       .....                  (no boots)
Stlth    ..........             (no amulet)
HPRegen  0.05/turn              (no ring)
MPRegen  0.08/turn              (no ring)

@: lethally poisoned (0 -> -6)
A: fangs 2, agile 1, wild magic 2, magic shield, antimagic bite, no potion heal
3, rot immunity
a: no special abilities


You were on level 2 of the Dungeon.
You were not hungry.

You visited 1 branch of the dungeon, and saw 2 of its levels.

Inventory:

Hand Weapons
 a - a +0 rapier (weapon)
Armour
 b - a +0 scale mail (worn)
 c - a +0 shield (worn)
Jewellery
 j - a cursed -5 ring of dexterity {unknown}
Scrolls
 e - 2 scrolls of enchant weapon {unknown}
 h - a scroll of fog {unknown}
 i - a scroll of remove curse {unknown}
 k - a scroll of magic mapping {unknown}
 l - a scroll of immolation {unknown}
Potions
 d - a potion of might
Comestibles
 f - 2 rations


   Skills:
 * Level 2.9 Fighting
 * Level 2.1 Short Blades
 + Level 2.5 Armour
 + Level 0.3 Dodging
 + Level 0.6 Stealth
 + Level 2.8 Shields


You had one spell level left.
You didn't know any spells.

Dungeon Overview and Level Annotations

Branches:
Dungeon (2/15)

Altars:


Innate Abilities, Weirdness & Mutations

You have extremely sharp teeth.
When hurt, damage is shared between your health and your magic reserves.
Your bite disrupts and absorbs the magic of your enemies.
Potions cannot restore your health.
You are immune to rotting.
You are agile. (Dex +2)
Your spells are harder to cast, but more powerful.


Message History

You hit the adder.
You kill the adder!
You feel sick.
You feel sick.
* * * LOW HITPOINT WARNING * * *
You feel sick.
You see here a ration.
* * * LOW HITPOINT WARNING * * *
You feel sick.
* * * LOW HITPOINT WARNING * * *
You feel sick.
* * * LOW HITPOINT WARNING * * *
You feel sick.
* * * LOW HITPOINT WARNING * * *
You feel sick.
There is a lethal amount of poison in your body!
It was a potion of mutation.
You feel extremely strange.
You feel less in control of your magic.
You feel agile.
You feel less in control of your magic.
You die...

#######
##<....###
#........#
#[.......#
#.......@#
#........#
#...%....#
#...######
#...#
#...#
#....
#...# ####


There were no monsters in sight!

Vanquished Creatures
  An adder (D:2)
  2 leopard geckos (D:1)
  2 bats (D:1)
  A hobgoblin (D:1)
  2 jackals (D:1)
  A rat (D:1)
9 creatures vanquished.

Notes
Turn   | Place    | Note
-------+----------+-------------------------------------------
     0 | D:1      | Kagorn the Vine Stalker Fighter began the quest for the Orb.
     0 | D:1      | Reached XP level 1. HP: 11/11 MP: 2/2
     4 | D:1      | Noticed a formicid
     4 | D:1      | Noticed a merfolk
     6 | D:1      | Noticed a halfling
     8 | D:1      | Noticed a vampire
     8 | D:1      | Noticed a demigod
    10 | D:1      | Noticed a centaur
    10 | D:1      | Noticed a draconian
    12 | D:1      | Noticed an ogre
    12 | D:1      | Noticed a naga
    14 | D:1      | Noticed a minotaur
    14 | D:1      | Noticed a dwarf
    16 | D:1      | Noticed a ghoul
    18 | D:1      | Noticed a gargoyle
    18 | D:1      | Noticed a vine stalker
    20 | D:1      | Noticed a tengu
    20 | D:1      | Noticed a spriggan
    22 | D:1      | Noticed a human
    22 | D:1      | Noticed a demonspawn
    24 | D:1      | Noticed a felid
    24 | D:1      | Noticed an octopode
    26 | D:1      | Noticed a troll
    26 | D:1      | Noticed an elf
   232 | D:1      | Reached XP level 2. HP: 14/16 MP: 3/3
   683 | D:2      | Gained mutation: Your spells are a little harder to cast, but a little more powerful. [potion of mutation]
   683 | D:2      | Gained mutation: You are agile. (Dex +2) [potion of mutation]
   683 | D:2      | Gained mutation: Your spells are harder to cast, but more powerful. [potion of mutation]
   683 | D:2      | Succumbed to an adder's poison

Skill      XL: |  1 |
---------------+----+-----
Short Blades   | 2 |  2.1
Fighting       | |  2.9
Armour         | |  2.5
Dodging        | |  0.3
Stealth        | |  0.6
Shields        | |  2.8

Action                   || total
-------------------------++-------
Melee: Rapier            ||    41
       Bite              ||     9
  Use: Potion            ||     1
Armor: Scale mail        ||    24
Dodge: Dodged            ||    10
Block: Shield            ||    24
